NYP
MAHONING VALLEY SCRAPPERS @ VERMONT LAKE MONSTERS
08/04/2049
 
TOP OF THE 1ST
Mahoning Valley Scrappers batting - Pitching for Vermont Lake Monsters : RHP Terry Evans
Pitching: RHP Terry Evans
Batting: LHB Kazuyoshi Nakamura 0-0: Ball
1-0: Ball
2-0: Foul Ball, location: 2F
2-1: Ball
3-1: Swinging Strike
3-2: Strikes out swinging
Batting: RHB Leo Candelas 0-0: Ball
1-0: Ball
2-0: Ball
3-0: Base on Balls
Batting: LHB Dave Key 0-0: Called Strike
0-1: Ball
Leo Candelas steals 2nd base
1-1: Ball
2-1: Called Strike
2-2: Strikes out swinging
Batting: LHB Brandon Hopper 0-0: Foul Ball, location: 2F
0-1: Foul Ball, location: 2F
0-2: Foul Ball, location: 2F
0-2: Foul Ball, location: 2F
0-2: Ground out 4-3 (Groundball, 4, EV 103.8 MPH)
Top of the 1st over - 0 runs, 0 hits, 0 errors, 1 left on base; Mahoning Valley 0 - Vermont 0
BOTTOM OF THE 1ST
Vermont Lake Monsters batting - Pitching for Mahoning Valley Scrappers : LHP Angel Contreras
Pitching: LHP Angel Contreras
Batting: RHB Alberto Malagon 0-0: Called Strike
0-1: Ground out 4-3 (Groundball, 4M, EV 103.1 MPH)
Batting: SHB Steve Salafia 0-0: Ground out 4-3 (Groundball, 4, EV 81.2 MPH)
Batting: RHB Tetsuya Shinoda 0-0: SINGLE (Line Drive, 5D, EV 105.6 MPH)
Batting: RHB Ryan Jennings 0-0: Fielders Choice at 2nd, 6-4 (Groundball, 56D, EV 101.9 MPH)
Bottom of the 1st over - 0 runs, 1 hit, 0 errors, 1 left on base; Mahoning Valley 0 - Vermont 0
TOP OF THE 2ND
Mahoning Valley Scrappers batting - Pitching for Vermont Lake Monsters : RHP Terry Evans
Batting: RHB Ricky Butts 0-0: Foul Ball, location: 2F
0-1: Ball
1-1: Ground out 4-3 (Groundball, 4, EV 99.4 MPH)
Batting: RHB Jason Harris 0-0: Called Strike
0-1: Swinging Strike
0-2: Ball
1-2: Ground out 4-3 (Groundball, 4, EV 98.1 MPH)
Batting: RHB Jose Argueta 0-0: Swinging Strike
0-1: Ground out 6-3 (Groundball, 56, EV 92.5 MPH)
Top of the 2nd over - 0 runs, 0 hits, 0 errors, 0 left on base; Mahoning Valley 0 - Vermont 0
BOTTOM OF THE 2ND
Vermont Lake Monsters batting - Pitching for Mahoning Valley Scrappers : LHP Angel Contreras
Batting: RHB Todd Vanasco 0-0: Called Strike
0-1: Ball
1-1: Called Strike
1-2: Strikes out swinging
Batting: RHB Jon Coleman 0-0: Foul Ball, location: 2F
0-1: Ball
1-1: Ground out 6-3 (Groundball, 6, EV 83.1 MPH)
Batting: SHB Mike Kirk 0-0: Foul Ball, location: 2F
0-1: SINGLE (Line Drive, 56, EV 100.0 MPH)
Batting: SHB Matt Sybrant 0-0: Ball
1-0: Foul Ball, location: 2F
1-1: Ball
2-1: Swinging Strike
2-2: Hit by Pitch
Mike Kirk to second
Batting: SHB Berthold Frey 0-0: Ball
1-0: Ball
2-0: Ground out 5-3 (Groundball, 15, EV 81.2 MPH)
Bottom of the 2nd over - 0 runs, 1 hit, 0 errors, 2 left on base; Mahoning Valley 0 - Vermont 0
TOP OF THE 3RD
Mahoning Valley Scrappers batting - Pitching for Vermont Lake Monsters : RHP Terry Evans
Batting: RHB Jonathan Livingston 0-0: Called Strike
0-1: Ball
1-1: Ground out 4-3 (Groundball, 4, EV 101.9 MPH)
Batting: RHB Ricky Cordova 0-0: Ball
1-0: Foul Ball, location: 2F
1-1: Called Strike
1-2: Foul Ball, location: 2F
1-2: DOUBLE (Line Drive, 9LS, EV 108.1 MPH)
Batting: LHB Kazuyoshi Nakamura 0-0: Foul Ball, location: 2F
0-1: Ball
1-1: Foul Ball, location: 2F
1-2: Foul Ball, location: 2F
1-2: Ball
2-2: Ball
3-2: Strikes out swinging
Batting: RHB Leo Candelas 0-0: Swinging Strike
0-1: Called Strike
0-2: Foul Ball, location: 2F
0-2: Strikes out swinging
Top of the 3rd over - 0 runs, 1 hit, 0 errors, 1 left on base; Mahoning Valley 0 - Vermont 0
BOTTOM OF THE 3RD
Vermont Lake Monsters batting - Pitching for Mahoning Valley Scrappers : LHP Angel Contreras
Batting: RHB Alberto Malagon 0-0: Swinging Strike
0-1: Swinging Strike
0-2: Foul Ball, location: 2F
0-2: Fly out, F8 (Line Drive, 8LD, EV 85.0 MPH)
Batting: SHB Steve Salafia 0-0: Swinging Strike
0-1: Fly out, F9 (Flyball, 9LMF, EV 90.6 MPH)
Batting: RHB Tetsuya Shinoda 0-0: SINGLE (Groundball, 6M, EV 108.1 MPH) (infield hit)
Batting: RHB Ryan Jennings 0-0: Foul Ball, location: 2F
0-1: Foul Ball, location: 2F
0-2: Foul Ball, location: 2F
0-2: Foul Ball, location: 2F
0-2: Ball
1-2: Ball
Wild Pitch!
Tetsuya Shinoda to second
2-2: Foul Ball, location: 2F
2-2: Foul Ball, location: 2F
2-2: SINGLE (Groundball, 6MD, EV 103.1 MPH)
Tetsuya Shinoda to third
Throwing error, E8
Tetsuya Shinoda scores
Ryan Jennings to second
Batting: RHB Todd Vanasco 0-0: Called Strike
0-1: Swinging Strike
0-2: Foul Ball, location: 2F
0-2: Strikes out swinging
Bottom of the 3rd over - 1 run, 2 hits, 1 error, 1 left on base; Mahoning Valley 0 - Vermont 1
TOP OF THE 4TH
Mahoning Valley Scrappers batting - Pitching for Vermont Lake Monsters : RHP Terry Evans
Batting: LHB Dave Key 0-0: Ball
1-0: Foul Ball, location: 2F
1-1: Foul Ball, location: 2F
1-2: Ball
2-2: Fly out, F7 (Flyball, 7LSF, EV 83.8 MPH)
Batting: LHB Brandon Hopper 0-0: Ball
1-0: Called Strike
1-1: Ground out 4-3 (Groundball, 4, EV 87.5 MPH)
Batting: RHB Ricky Butts 0-0: Swinging Strike
0-1: Ball
1-1: Ball
2-1: Foul Ball, location: 2F
2-2: Fly out, F4 (Line Drive, 34D, EV 65.6 MPH)
Top of the 4th over - 0 runs, 0 hits, 0 errors, 0 left on base; Mahoning Valley 0 - Vermont 1
BOTTOM OF THE 4TH
Vermont Lake Monsters batting - Pitching for Mahoning Valley Scrappers : LHP Angel Contreras
Batting: RHB Jon Coleman 0-0: Ball
1-0: Ball
2-0: Ball
3-0: Called Strike
3-1: SINGLE (Groundball, 6MD, EV 105.0 MPH)
Batting: SHB Mike Kirk 0-0: Foul Ball, location: 2F
0-1: Swinging Strike
0-2: Ball
1-2: Hit by Pitch
Jon Coleman to second
Batting: SHB Matt Sybrant 0-0: Called Strike
0-1: Ball
1-1: Ball
2-1: Ball
3-1: Fielders Choice at 2nd, 1-6 (Groundball, 34S, EV 65.6 MPH)
Jon Coleman to third
Batting: SHB Berthold Frey 0-0: Called Strike
0-1: Ball
1-1: Ball
2-1: Foul Ball, location: 2F
2-2: Strikes out looking
Batting: RHB Alberto Malagon 0-0: Ball
1-0: Called Strike
1-1: Swinging Strike
1-2: Ground out 4-3 (Groundball, 4, EV 104.4 MPH)
Bottom of the 4th over - 0 runs, 1 hit, 0 errors, 2 left on base; Mahoning Valley 0 - Vermont 1
TOP OF THE 5TH
Mahoning Valley Scrappers batting - Pitching for Vermont Lake Monsters : RHP Terry Evans
Batting: RHB Jason Harris 0-0: Called Strike
0-1: Fly out, F4 (Flyball, 34D, EV 91.9 MPH)
Batting: RHB Jose Argueta 0-0: Ball
1-0: Ball
2-0: Foul Ball, location: 2F
2-1: Ball
3-1: Base on Balls
Batting: RHB Jonathan Livingston 0-0: Ball
1-0: Foul Ball, location: 2F
1-1: Ball
2-1: Swinging Strike
2-2: Fielders Choice at 2nd, 1-4 (Groundball, 25, EV 75.0 MPH)
Batting: RHB Ricky Cordova 0-0: Foul Ball, location: 2F
0-1: Swinging Strike
0-2: Strikes out swinging
Top of the 5th over - 0 runs, 0 hits, 0 errors, 1 left on base; Mahoning Valley 0 - Vermont 1
BOTTOM OF THE 5TH
Vermont Lake Monsters batting - Pitching for Mahoning Valley Scrappers : LHP Angel Contreras
Batting: SHB Steve Salafia 0-0: Ball
1-0: SOLO HOME RUN (Flyball, 7D, EV 96.2 MPH), Distance : 377 ft
Batting: RHB Tetsuya Shinoda 0-0: Swinging Strike
0-1: Ball
1-1: Foul Ball, location: 2F
1-2: Ball
2-2: Strikes out swinging, 2-3 out at first.
Batting: RHB Ryan Jennings 0-0: Ball
1-0: Foul Ball, location: 2F
1-1: Called Strike
1-2: Foul Ball, location: 2F
1-2: Foul Ball, location: 2F
1-2: Ball
2-2: Foul Ball, location: 2F
2-2: Ball
3-2: Strikes out swinging
Batting: RHB Todd Vanasco 0-0: Ball
1-0: Ball
2-0: Ball
3-0: Called Strike
3-1: Swinging Strike
3-2: Strikes out swinging
Bottom of the 5th over - 1 run, 1 hit, 0 errors, 0 left on base; Mahoning Valley 0 - Vermont 2
TOP OF THE 6TH
Mahoning Valley Scrappers batting - Pitching for Vermont Lake Monsters : RHP Terry Evans
Batting: LHB Kazuyoshi Nakamura 0-0: Ball
1-0: Ball
2-0: Foul Ball, location: 2F
2-1: Ball
3-1: Base on Balls
Batting: RHB Leo Candelas 0-0: Called Strike
0-1: Fielders Choice at 2nd, 5-4 (Groundball, 5L, EV 99.4 MPH)
Batting: LHB Dave Key 0-0: Ball
Leo Candelas steals 2nd base
1-0: Foul Ball, location: 2F
1-1: Ball
2-1: Ground out 6-3 (Groundball, 6M, EV 106.2 MPH)
Leo Candelas to third
Batting: LHB Brandon Hopper 0-0: Ball
1-0: Foul Ball, location: 2F
1-1: Ball
Wild Pitch!
Leo Candelas scores
2-1: Foul Ball, location: 2F
2-2: Strikes out swinging
Top of the 6th over - 1 run, 0 hits, 0 errors, 0 left on base; Mahoning Valley 1 - Vermont 2
BOTTOM OF THE 6TH
Vermont Lake Monsters batting - Pitching for Mahoning Valley Scrappers : LHP Angel Contreras
Batting: RHB Jon Coleman 0-0: Ground out 5-3 (Groundball, 56S, EV 65.6 MPH)
Batting: SHB Mike Kirk 0-0: Called Strike
0-1: Foul Ball, location: 2F
0-2: Foul Ball, location: 2F
0-2: Ball
1-2: Ball
2-2: SINGLE (Groundball, 4M, EV 102.5 MPH) (infield hit)
Batting: SHB Matt Sybrant 0-0: Ball
1-0: Ball
2-0: Foul Ball, location: 2F
2-1: Ball
3-1: Ground out 4-3 (Groundball, 13, EV 83.8 MPH)
Mike Kirk to second
Batting: SHB Berthold Frey 0-0: Called Strike
0-1: Swinging Strike
0-2: Ground out 5-3 (Groundball, 56S, EV 90.0 MPH)
Bottom of the 6th over - 0 runs, 1 hit, 0 errors, 1 left on base; Mahoning Valley 1 - Vermont 2
TOP OF THE 7TH
Mahoning Valley Scrappers batting - Pitching for Vermont Lake Monsters : RHP Terry Evans
Pitching: RHP Nasser bin Ata
Batting: LHB Vinny Carreno 0-0: Called Strike
0-1: Ball
1-1: Foul Ball, location: 2F
1-2: Ball
2-2: Strikes out swinging
Batting: RHB Jason Harris 0-0: Ball
1-0: Swinging Strike
1-1: Ball
2-1: Ball
3-1: Base on Balls
Pinch Hitting: LHB Matt Steinke 0-0: Ball
1-0: Ball
2-0: Called Strike
2-1: Ball
3-1: Foul Ball, location: 2F
3-2: Strikes out looking
Pinch Hitting: LHB Ben Rubenacker 0-0: Foul Ball, location: 2F
0-1: Ball
1-1: Ground out 4-3 (Groundball, 4, EV 85.6 MPH)
Top of the 7th over - 0 runs, 0 hits, 0 errors, 1 left on base; Mahoning Valley 1 - Vermont 2
BOTTOM OF THE 7TH
Vermont Lake Monsters batting - Pitching for Mahoning Valley Scrappers : LHP Angel Contreras
Pitching: RHP Ian Nordquist
Now at 1B: Ben Rubenacker
Now at 2B: Leo Candelas
Now in CF: Andy Lewis
Batting: RHB Alberto Malagon 0-0: Called Strike
0-1: Swinging Strike
0-2: Ball
1-2: Ball
2-2: Strikes out swinging
Batting: SHB Steve Salafia 0-0: Foul Ball, location: 2F
0-1: Ball
1-1: Swinging Strike
1-2: Ball
2-2: Strikes out looking
Batting: RHB Tetsuya Shinoda 0-0: Foul Ball, location: 2F
0-1: SINGLE (Line Drive, 4MD, EV 99.4 MPH)
Batting: RHB Ryan Jennings 0-0: Ball
1-0: Ball
2-0: Ball
3-0: Called Strike
3-1: Ground out 4-3 (Groundball, 34, EV 88.1 MPH)
Bottom of the 7th over - 0 runs, 1 hit, 0 errors, 1 left on base; Mahoning Valley 1 - Vermont 2
TOP OF THE 8TH
Mahoning Valley Scrappers batting - Pitching for Vermont Lake Monsters : RHP Nasser bin Ata
Batting: RHB Ricky Cordova 0-0: Ball
1-0: Called Strike
1-1: Ball
2-1: Foul Ball, location: 2F
2-2: Strikes out swinging
Batting: LHB Kazuyoshi Nakamura 0-0: Ball
1-0: Swinging Strike
1-1: Ball
2-1: Foul Ball, location: 2F
2-2: Ball
3-2: Base on Balls
Pitching: RHP Emanuel Andrade
Batting: RHB Leo Candelas 0-0: Ball
1-0: Ball
2-0: Ball
3-0: Base on Balls
Kazuyoshi Nakamura to second
Pitching: LHP Hector Perdomo
Pinch Hitting: RHB Tacito Carreiro 0-0: Ball
1-0: Foul Ball, location: 2F
1-1: Fielders Choice at 2nd, 6-4 (Groundball, 6, EV 88.1 MPH)
Kazuyoshi Nakamura to third
Pinch Hitting: RHB Nick Gossman 0-0: Ball
1-0: Ball
2-0: Ball
3-0: Base on Balls
Tacito Carreiro to second
Batting: RHB Chris Folse 0-0: Called Strike
0-1: Ball
1-1: Swinging Strike
1-2: Ball
2-2: Strikes out swinging
Top of the 8th over - 0 runs, 0 hits, 0 errors, 3 left on base; Mahoning Valley 1 - Vermont 2
BOTTOM OF THE 8TH
Vermont Lake Monsters batting - Pitching for Mahoning Valley Scrappers : RHP Ian Nordquist
Now at 3B: Reynaldo Herrera
Now in LF: Travis Burnett
Batting: RHB Todd Vanasco 0-0: Ball
1-0: Called Strike
1-1: Ball
2-1: Ball
3-1: Called Strike
3-2: Foul Ball, location: 2F
3-2: Ground out 1-3 (Groundball, 13, EV 68.8 MPH)
Batting: RHB Jon Coleman 0-0: Foul Ball, location: 2F
0-1: Swinging Strike
0-2: Ball
1-2: Ground out 4-3 (Groundball, 4M, EV 103.8 MPH)
Batting: SHB Mike Kirk 0-0: Called Strike
0-1: Called Strike
0-2: Ball
1-2: SOLO HOME RUN (Flyball, 9LD, EV 98.8 MPH), Distance : 377 ft
Batting: SHB Matt Sybrant 0-0: Ground out 1-3 (Groundball, 13S, EV 67.5 MPH)
Bottom of the 8th over - 1 run, 1 hit, 0 errors, 0 left on base; Mahoning Valley 1 - Vermont 3
TOP OF THE 9TH
Mahoning Valley Scrappers batting - Pitching for Vermont Lake Monsters : LHP Hector Perdomo
Pitching: RHP Bobby Feig
Batting: RHB Jason Harris 0-0: Ball
1-0: SINGLE (Line Drive, 9S, EV 110.0 MPH)
Pinch Hitting: LHB Rich Walker 0-0: Ball
1-0: Ball
2-0: SINGLE (Line Drive, 4D, EV 96.9 MPH)
Jason Harris to second
Pinch Runner at 2nd Jason Roberts:
Batting: LHB Ben Rubenacker 0-0: Sac Bunt to 3S - play at first, batter OUT! 3-1
Jason Roberts to third
Rich Walker to second
Pinch Hitting: LHB Shane Montalvo 0-0: Ball
1-0: Swinging Strike
1-1: SINGLE (Groundball, 4, EV 97.5 MPH)
Jason Roberts scores
Rich Walker to third
Batting: LHB Kazuyoshi Nakamura 0-0: Called Strike
0-1: Ball
1-1: Foul Ball, location: 2F
1-2: Ball
2-2: Fielders Choice at 2nd, 4-6 (Groundball, 34S, EV 80.6 MPH)
Rich Walker scores
Batting: RHB Leo Candelas 0-0: Ball
1-0: SINGLE (Groundball, 56D, EV 99.4 MPH)
Kazuyoshi Nakamura to second
Batting: SHB Travis Burnett 0-0: Ball
1-0: Ball
Wild Pitch!
Kazuyoshi Nakamura to third
Leo Candelas to second
2-0: Fly out, F8 (Flyball, 78D, EV 96.2 MPH)
Top of the 9th over - 2 runs, 4 hits, 0 errors, 2 left on base; Mahoning Valley 3 - Vermont 3
BOTTOM OF THE 9TH
Vermont Lake Monsters batting - Pitching for Mahoning Valley Scrappers : RHP Ian Nordquist
Pitching: RHP Bill Snyder
Now at C: Rich Walker
Now at SS: Jason Roberts
Now in CF: Kazuyoshi Nakamura
Now in RF: Jaquan Brown
Batting: SHB Berthold Frey 0-0: Called Strike
0-1: Ball
1-1: Ground out 6-3 (Groundball, 6, EV 102.5 MPH)
Pinch Hitting: LHB Brian Puccio 0-0: Ball
1-0: Fly out, F5 (Popup, 6, EV 52.5 MPH)
Batting: SHB Steve Salafia 0-0: Swinging Strike
0-1: Called Strike
0-2: Strikes out swinging
Bottom of the 9th over - 0 runs, 0 hits, 0 errors, 0 left on base; Mahoning Valley 3 - Vermont 3
TOP OF THE 10TH
Mahoning Valley Scrappers batting - Pitching for Vermont Lake Monsters : RHP Bobby Feig
Pitching: RHP Jasper Schrijver
Now at 3B: Scott Lister
Batting: RHB Reynaldo Herrera 0-0: Ball
1-0: Called Strike
1-1: Ball
2-1: Reached via error on a dropped throw from SS, E3 (Groundball, 6, EV 90.6 MPH)
Batting: RHB Chris Folse 0-0: Ball
1-0: Ball
Reynaldo Herrera is caught stealing 2nd base 2-4
2-0: Ball
3-0: Called Strike
3-1: Foul Ball, location: 2F
3-2: SINGLE (Groundball, 56S, EV 75.6 MPH) (infield hit)
Batting: RHB Jason Roberts 0-0: Foul Ball, location: 2F
0-1: Ball
1-1: Fielders Choice at 2nd, 6-4 (Groundball, 6, EV 86.2 MPH)
Batting: LHB Rich Walker 0-0: Ball
1-0: Ground out U3 (Groundball, 3, EV 101.2 MPH)
Top of the 10th over - 0 runs, 1 hit, 1 error, 1 left on base; Mahoning Valley 3 - Vermont 3
BOTTOM OF THE 10TH
Vermont Lake Monsters batting - Pitching for Mahoning Valley Scrappers : RHP Bill Snyder
Pitching: LHP Micah Watson
Batting: RHB Tetsuya Shinoda 0-0: Fly out, F8 (Flyball, 8RM, EV 86.9 MPH)
Batting: RHB Ryan Jennings 0-0: Ball
1-0: Ball
2-0: Ball
3-0: Base on Balls
Batting: RHB Todd Vanasco Balk!
Ryan Jennings to second
0-0: Ball
Passed Ball!
Ryan Jennings to third
1-0: Foul Ball, location: 2F
1-1: 2-RUN HOME RUN (Line Drive, 7D, EV 106.9 MPH), Distance : 411 ft
Bottom of the 10th over - 2 runs, 1 hit, 0 errors, 0 left on base; Mahoning Valley 3 - Vermont 5
Sunday, July 16th , 2023 - OOTP Baseball 24.6 Build 69